 Dungeon Crawl Stone Soup version 0.23.2-33-g5129a83184 (webtiles) character file.

Game seed: 17494706786646191595

1121 FishyPogo the Chiller (level 8, -2/41 HPs)
             Began as a Deep Elf Ice Elementalist on July 26, 2019.
             Was an Initiate of Qazlal.
             Slain by an orc warrior
             ... wielding a +0 flail
              (12 damage)
             ... on level 6 of the Dungeon.
             The game lasted 00:50:42 (6202 turns).

FishyPogo the Chiller (Deep Elf Ice Elementalist)   Turns: 6202, Time: 00:50:42

Health: -2/41      AC:  6    Str:  5    XL:     8   Next: 12%
Magic:  8/17       EV: 13    Int: 23    God:    Qazlal [......]
Gold:   218        SH:  0    Dex: 15    Spells: 3/17 levels left

rFire    . . .     SeeInvis .   a - +4 short sword
rCold    . . .     Gourm    .   (no shield)
rNeg     . . .     Faith    .   w - +0 leather armour
rPois    .         Spirit   .   u - +1 hat
rElec    .         Reflect  .   (no cloak)
rCorr    .         Harm     .   d - +1 pair of gloves (curse)
MR       .....                  (no boots)
Stlth    +++.......             (no amulet)
HPRegen  0.13/turn              (no ring)
MPRegen  0.15/turn              (no ring)

@: no status effects
A: no striking features
a: Renounce Religion


You were on level 6 of the Dungeon.
You worshipped Qazlal.
Qazlal was noncommittal.
You were not hungry.

You visited 2 branches of the dungeon, and saw 7 of its levels.
You also visited: Sewer.

You collected 218 gold pieces.

Inventory:

Hand Weapons
 a - a +4 short sword (weapon)
 i - a +0 short sword of freezing
 s - a +0 hand axe
 y - a +0 war axe of venom
Armour
 d - a cursed +1 pair of gloves (worn)
 e - a +0 robe
 g - a +0 robe
 o - a +0 robe
 u - a +1 hat (worn)
 w - a +0 leather armour (worn)
Magical Staves
 b - an uncursed staff of cold
Scrolls
 h - 2 scrolls of identify
 j - a scroll of fear
 k - 4 scrolls of remove curse
 t - 4 scrolls of teleportation
 x - a scroll of enchant weapon
Potions
 f - a potion of flight
 l - 3 potions of might
 m - a potion of agility
 n - 2 potions of heal wounds
 p - 4 potions of curing
 q - 2 potions of brilliance
Comestibles
 c - 7 rations


   Skills:
 - Level 0.1 Fighting
 * Level 2.5 Staves
 + Level 1.9 Armour
 + Level 4.4 Dodging
 + Level 4.7 Stealth
 + Level 5.1 Spellcasting
 + Level 3.3 Conjurations
 + Level 3.1 Summonings
 * Level 2.6 Necromancy
 + Level 5.6 Ice Magic
 * Level 1.3 Invocations


You had 3 spell levels left.
You knew the following spells:

 Your Spells              Type           Power        Failure   Level  Hunger
a - Freeze                Ice            ####         1%          1    None
b - Throw Frost           Conj/Ice       ####..       3%          2    None
c - Summon Ice Beast      Ice/Summ       ####....     24%         4    ####...
d - Haunt                 Necr/Summ      ###.......   100%        7    #######

Your spell library contained the following spells:

 Spells                   Type           Power        Failure   Level  Hunger
 Ozocubu's Armour         Chrm/Ice       ###.....     14%         3    ##.....
 Throw Icicle             Conj/Ice       ####....     24%         4    ####...
 Borgnjor's Revivificati  Necr           ###.......   100%        8    #######
 Death's Door             Chrm/Necr      ##........   100%        8    #######
 Infestation              Necr           ###.......   100%        8    #######
 Necromutation            Tmut/Necr      ##........   100%        8    #######


Dungeon Overview and Level Annotations

Branches:
Dungeon (6/15)             Temple (1/1) D:5

Altars:
Ashenzari
Cheibriados
Dithmenos
Elyvilon
Fedhas
Gozag
Hepliaklqana
Kikubaaqudgha
Makhleb
Nemelex Xobeh
Okawaru
Qazlal
Ru
Sif Muna
Trog
Uskayaw
Xom
Yredelemnul
The Shining One


Message History

The orc warrior hits you with a +0 flail.
Casting: Freeze (safe; 1% risk of failure)
Confirm with . or Enter, or press ? or * to list all spells.
Aiming: Freeze (safe; 1% risk of failure)
Press: ? - help, Shift-Dir - straight line, f/p - orc warrior
Aim: an orc warrior, wielding a +0 flail and wearing a +0 plate armour (moderately wounded)
You freeze the orc warrior!
The orc warrior is heavily wounded.
The orc warrior hits you with a +0 flail!!
Ouch! That really hurt!
* * * LOW HITPOINT WARNING * * *
Casting: Freeze (safe; 1% risk of failure)
Confirm with . or Enter, or press ? or * to list all spells.
Aiming: Freeze (safe; 1% risk of failure)
Press: ? - help, Shift-Dir - straight line, f/p - orc warrior
Aim: an orc warrior, wielding a +0 flail and wearing a +0 plate armour (heavily wounded)
You freeze the orc warrior!
The orc warrior is almost dead.
The orc warrior hits you with a +0 flail!
You die...

#.## ##...# ...... #
#.#...#
..#########...#.#
#.......##......## ##
###.##.......o......
..#....#.##.##@)$...#
#.#................#
#....#.##^####.####
#.#.##.##.# .#
#####.#.......# #
.........#....#
#####......<#..#
..##.......###.#
.....)).....#..#


You could see an orc warrior.

Vanquished Creatures
  An ogre (D:5)
  A big kobold (Sewer)
  A bullfrog (D:6)
  2 howler monkeys (D:5)
  A crimson imp (D:6)
  2 hounds
  2 orc priests
  A jelly (D:6)
  3 orc wizards
  A centaur skeleton (D:5)
  Natasha (thrice) (D:3)
  2 iguanas
  5 worker ants
  A worker ant zombie (D:5)
  6 adders
  5 river rats (Sewer)
  A dart slug (D:4)
  3 worms
  6 leopard geckos
  18 orcs
  5 giant cockroaches
  6 goblins
  6 hobgoblins
  3 jackals (D:1)
  22 kobolds
  3 quokkas
  7 ball pythons (Sewer)
  8 bats
  3 frilled lizards
  A quokka skeleton (D:5)
  27 rats
156 creatures vanquished.

Vanquished Creatures (collateral kills)
  An orc priest (D:4)
  A shadow imp (D:5)
  2 orcs (D:4)
4 creatures vanquished.

Vanquished Creatures (others)
  A plant (D:3)
1 creature vanquished.

Grand Total: 161 creatures vanquished

Notes
Turn   | Place    | Note
-------+----------+-------------------------------------------
     0 | D:1      | FishyPogo the Deep Elf Ice Elementalist began the quest for
                  | the Orb.
     0 | D:1      | Reached XP level 1. HP: 10/10 MP: 6/6
   118 | D:1      | Reached XP level 2. HP: 6/15 MP: 4/8
   123 | D:1      | Learned a level 2 spell: Throw Frost
   715 | D:1      | Reached XP level 3. HP: 13/19 MP: 6/9
  1252 | D:2      | Found a snail-covered altar of Cheibriados.
  1698 | D:3      | Reached XP level 4. HP: 23/24 MP: 7/11
  1704 | D:3      | Learned a level 4 spell: Summon Ice Beast
  1987 | D:3      | Noticed Natasha
  1996 | D:3      | Killed Natasha
  1996 | D:3      | Reached XP level 5. HP: 28/28 MP: 6/12
  2048 | D:3      | Noticed Natasha
  2056 | D:3      | Killed Natasha
  2107 | D:3      | Reached skill level 1 in Summonings
  2361 | D:3      | You fall through a shaft!
  2361 | D:4      | Found a glowing drain.
  2372 | Sewer    | Entered a sewer
  2652 | Sewer    | Reached XP level 6. HP: 18/32 MP: 2/14
  2732 | Sewer    | Reached skill level 1 in Armour
  2759 | Sewer    | Reached skill level 5 in Ice Magic
  3607 | D:3      | Noticed Natasha
  3610 | D:3      | Killed Natasha
  3665 | D:3      | Found a shattered altar of Ashenzari.
  3669 | D:3      | Saw a vision of the Swamp and the Snake Pit.
  3669 | D:3      | Noticed an alligator
  3669 | D:3      | Noticed an alligator
  3669 | D:3      | Noticed an alligator
  3669 | D:3      | Noticed an alligator
  3669 | D:3      | Noticed a naga
  3669 | D:3      | Noticed a naga warrior
  3669 | D:3      | Noticed a naga
  3669 | D:3      | Noticed a black mamba
  3669 | D:3      | Noticed a black mamba
  3669 | D:3      | Noticed a naga ritualist
  3671 | D:3      | Noticed a water moccasin
  3671 | D:3      | Noticed a naga
  4165 | D:4      | Identified a scroll of acquirement
  4772 | D:5      | Entered Level 5 of the Dungeon
  4814 | D:5      | Reached XP level 7. HP: 18/36 MP: 10/15
  4852 | D:5      | Learned a level 7 spell: Haunt
  4905 | D:5      | Reached skill level 1 in Staves
  4932 | D:5      | Reached skill level 1 in Necromancy
  5087 | D:5      | Found a staircase to the Ecumenical Temple.
  5127 | Temple   | Entered the Ecumenical Temple
  5280 | Temple   | Became a worshipper of Qazlal Stormbringer
  5376 | D:5      | Reached skill level 5 in Spellcasting
  5945 | D:6      | Reached skill level 1 in Invocations
  5945 | D:6      | Reached XP level 8. HP: 26/41 MP: 3/17
  6202 | D:6      | Slain by an orc warrior

Skill      XL: |  1  2  3  4  5  6  7 |
---------------+----------------------+-----
Stealth        | 3 4 |  4.7
Ice Magic      | 4 5 |  5.6
Dodging        | 3 4 |  4.4
Spellcasting   | 4 5 |  5.1
Conjurations   | 2 3 |  3.3
Summonings     | 1 2 3 |  3.1
Armour         | 1 |  1.9
Staves         | 2 |  2.5
Necromancy     | 2 |  2.6
Invocations    | 1 |  1.3
Fighting       | |  0.1

Action                   |  1- 3 |  4- 6 |  7- 9 || total
-------------------------+-------+-------+-------++-------
Melee: Hand axe          |    30 |    45 |       ||    75
       Staff             |       |     6 |     3 ||     9
       War axe           |       |     1 |    28 ||    29
       Short sword       |       |       |     9 ||     9
 Cast: Freeze            |    33 |    75 |    54 ||   162
       Throw Frost       |    13 |    57 |    33 ||   103
       Summon Ice Beast  |       |     2 |     1 ||     3
  Use: Potion            |     4 |     5 |     2 ||    11
       Scroll            |     4 |     7 |     1 ||    12
 Stab: Sleeping          |     3 |     1 |       ||     4
       Distracted        |       |       |     1 ||     1
  Eat: Chunk             |     2 |    12 |     4 ||    18
Armor: Robe              |     7 |    18 |       ||    25
       Leather armour    |       |     3 |    24 ||    27
Dodge: Dodged            |    29 |    82 |   100 ||   211
